 Dungeon Crawl Stone Soup version 0.32-a0-918-g0f22ef8d61 (webtiles) character file.

Game seed: 639808187916622916

35 Dwachs the Trooper (level 3, 0/39 HPs)
             Began as an Oni Gladiator on Apr 10, 2024.
             Succumbed to an adder's poison
             ... on level 2 of the Dungeon.
             The game lasted 00:01:12 (781 turns).

Dwachs the Trooper (Oni Gladiator)                   Turns: 781, Time: 00:01:13

Health: 0/39       AC:  3    Str: 20    XL:     3   Next: 35%
Magic:  3/3        EV:  9    Int:  9    God:
Gold:   23         SH:  0    Dex: 10    Spells: 2/2 levels left

rFire   . . .        a - +0 war axe
rCold   . . .        (no shield)
rNeg    . . .        b - +0 robe
rPois   .            c - +0 hat
rElec   .            (no cloak)
rCorr   .            (gloves unavailable)
SInv    .            (boots unavailable)
Will    .....        (no amulet)
Stlth   +            (no ring)
HPRegen 0.26/turn    (no ring)
MPRegen 0.08/turn

%: no passive effects
@: lethally poisoned (0 -> -5)
A: large, unfitting armour, horns 1, tough skin 1, double potion healing,
drunken brawling
a: no special abilities


You were on level 2 of the Dungeon.
You visited 1 branch of the dungeon, and saw 2 of its levels.

You collected 23 gold pieces.

Inventory:

Hand Weapons
 a - a +0 war axe (weapon)
Missiles
 d - 3 throwing nets (quivered)
 e - a large rock
Armour
 b - a +0 robe (worn)
 c - a +0 hat (worn)
Scrolls
 g - 2 scrolls of identify {unknown}
 h - a scroll of revelation {unknown}
 i - a scroll of enchant weapon {unknown}
 j - a scroll of immolation {unknown}
 k - a scroll of brand weapon {unknown}
 l - a scroll of teleportation {unknown}
 m - a scroll of summoning {unknown}
 o - a scroll of amnesia {unknown}
Potions
 f - a potion of heal wounds {unknown}
 n - a potion of mutation {unknown}


   Skills:
 + Level 3.9 Fighting
 + Level 3.7 Axes
 - Level 2.0 Throwing
 - Level 2.6 Dodging


You had 2 spell levels left.
You didn't know any spells.
Your spell library was empty.

Dungeon Overview and Level Annotations

Branches:
Dungeon (2/15)

Altars:
Makhleb


Innate Abilities, Weirdness & Mutations

You are too large for most types of armour.
You have a pair of small horns on your head.
You have tough skin. (AC +1)
You gain doubled healing and magic from potions.
Whenever you drink a healing potion, you attack all around you.


Message History

The adder barely misses you.
The goblin shoots a sling bullet.
The sling bullet hits you. The adder bites you but does no damage.
The goblin shoots a sling bullet.
The sling bullet closely misses you.
You barely miss the adder. Your headbutt misses the adder.
The adder is lightly wounded.
You feel sick. The adder bites you but does no damage.
The goblin shoots a sling bullet.
The sling bullet hits you. The adder bites you.
You are too injured to fight recklessly!
You are too injured to fight recklessly!
You are too injured to fight recklessly!
You are too injured to fight recklessly!
You are too injured to fight recklessly!
You are too injured to fight recklessly!
You are too injured to fight recklessly!
You are too injured to fight recklessly!
You completely miss the adder.
The adder is lightly wounded.
You feel sick. The adder bites you but does no damage.
The goblin shoots a sling bullet.
The sling bullet hits you. The adder bites you.
* * * LOW HITPOINT WARNING * * *
You are more poisoned.
The adder poisons you!
A hobgoblin comes into view.
You miss the adder. You headbutt the adder.
The adder is heavily wounded.
You slash the endoplasm!
You kill the endoplasm!
You feel sick.
The goblin shoots a sling bullet.
The sling bullet hits you.
* * * LOW HITPOINT WARNING * * *
The adder bites you.
* * * LOW HITPOINT WARNING * * *
The goblin shoots a sling bullet.
The sling bullet hits you but does no damage.
You slash the adder!
You kill the adder!
You slash the goblin!
You kill the goblin!
You die...

....... .. ...g... ..#
....... ##............ .
..... ##.....#........
.. ....##..............#
#..##..#......[........#
.......†...............#
......)@..............).
.......).............).#
........................
(.......$..............#
.g#..##..............#.#
. ##....##.......#####..
#...#........#######..
..#....####..###).....
.. ....# #....).##...


You could see a hobgoblin and a goblin.

Vanquished Creatures
  An adder (D:2)
  A ribbon worm (D:2)
  4 ball pythons
  2 bats (D:1)
  5 endoplasms
  2 giant cockroaches (D:2)
  2 goblins (D:2)
  3 hobgoblins
  5 kobolds
  2 quokkas (D:1)
  A frilled lizard (D:1)
  3 rats
31 creatures vanquished.

Notes
Turn   | Place    | Note
-------+----------+-------------------------------------------
     0 | D:1      | Dwachs the Oni Gladiator began the quest for the Orb.
     0 | D:1      | Reached XP level 1. HP: 22/22 MP: 1/1
    67 | D:1      | Found a faded altar of an unknown god.
   138 | D:1      | Reached XP level 2. HP: 31/31 MP: 2/2
   678 | D:2      | Found a burning altar of Makhleb.
   693 | D:2      | Reached XP level 3. HP: 39/39 MP: 3/3
   780 | D:2      | HP: 1/39 [adder (3)]
   781 | D:2      | Succumbed to an adder's poison

Illustrated notes

Levels and vault maps discovered:
D:1:      dpeg_arrival_solitude, layout_loops_cross,
          shapermc_ecumenical_altar_totnotflames
D:2:      layout_rooms, basic_altar, grunt_ministairs_15, minmay_pentomino_t4

Skill      XL: |  1 |
---------------+----+-----
Fighting       | 3 |  3.9
Axes           | |  3.7
Throwing       | |  2.0
Dodging        | |  2.6

Action                     || total
---------------------------++-------
  Melee: War axe           ||    57
         Headbutt          ||     6
   Stab: Sleeping          ||     1
 Armour: Robe              ||    50
  Dodge: Dodged            ||    31

Table legend: (Time is in decaauts)
 A = Elapsed time spent in this place.
 B = Non-inter-level travel time spent in this place.
 C = Inter-level travel time spent in this place.
 D = Time resting spent in this place.
 E = Time spent auto-exploring this place.
 F = Levels seen in this place.
 G = Mean time per level.
                   A        B        C        D        E       F      G
               +--------+--------+--------+--------+--------+-----+--------+
         Total |    798 |    750 |     48 |      0 |    584 |   2 |  399.0 |
       Dungeon |    798 |    750 |     48 |      0 |    584 |   2 |  399.0 |
               +--------+--------+--------+--------+--------+-----+--------+

Top non-repeatable levels by time:
     D:1: 650 daAuts
     D:2: 148 daAuts
